[Event "Early-Titled-Tuesday-Blitz-May-14-2024"]
[Site "Chess.com"]
[Date "2024.05.14"]
[Round "3"]
[White "Orest_Vovk"]
[Black "chess_blitz00"]
[Result "1-0"]
[WhiteElo "2672"]
[BlackElo "2472"]
[TimeControl "180+1"]
[EndTime "8:30:36 PDT"]
[Termination "Orest_Vovk won by resignation"]

1. h4 d6 2. h5 e5 3. d4 exd4 4. Qxd4 Nc6 5. Qa4 Bd7 6. Nc3 Nf6 7. h6 g6 8. Bg5 Be7 9. Qh4 Be6 10. O-O-O Ng4 11.
Bxe7 Qxe7 12. Qxe7+ Kxe7 13. Nh3 Nxh6 14. f3 Nf5 15. Ng5 Ng3 16. Nxe6 Nxh1 17. Nxc7 Rad8 18. e4 Ng3 19. Bc4 Nh5 20. N3d5+ Kf8 21. g4 Ng7 22. Nf6 Ne5 23. Be2 Ne6 24. Nxe6+ fxe6 25. f4 Nc6 26. Bc4 Ke7 27. g5 h6 28. b3 hxg5 29.
fxg5 Ne5 30. Bd3 Rh2 31. Kb1 Rc8 32. c4 Nxd3 33. Rxd3 Rch8 34. c5 Rd8 35. cxd6+ Rxd6 36. Ng8+ Kd7 37. Nf6+ Kc6 38. Rc3+ Kb6 39. Rc2 Rxc2 40.
Kxc2 Kc5 41. Kc3 Rc6 42. e5 Kb6+ 43. Kd4 Kc7 44. Nh7 Kd7 45. Nf8+ Ke7 46. Nxg6+ Kf7 47. Nf4 Ra6 48. a4 Rb6 49. Kc4 a5 50. g6+ Ke7 51.
Nd3 Rc6+ 52. Kd4 b6 53. Nf4 Kf8 54. Nh5 Kg8 55. Nf6+ Kg7 56. Ne8+ Kxg6 57. Nd6 Kg5 58. Nf7+ Kf4 59. Nd8 Rc7 60. Nxe6+ Kf5 61. Nxc7 Kg6 62. Nd5 Kf7 63. Nxb6 Ke6 64. Nc4 Kd7 65. Nxa5 Kc7 66. Nc4 Kc6 67. Nd2 Kc7 68. b4 1-0

[Event "Early-Titled-Tuesday-Blitz-May-14-2024"]
[Site "Chess.com"]
[Date "2024.05.14"]
[Round "3"]
[White "Siemba"]
[Black "vaishali2001"]
[Result "0-1"]
[WhiteElo "2482"]
[BlackElo "2679"]
[TimeControl "180+1"]
[EndTime "8:30:38 PDT"]
[Termination "vaishali2001 won by resignation"]

1. e4 c6 2. d4 d5 3. Nd2 dxe4 4. Nxe4 Nf6 5. Nxf6+ exf6 6. c3 Bd6 7. Bd3 O-O 8.
Qc2 Re8+ 9. Ne2 h5 10. O-O h4 11. h3 Nd7 12. Bf4 Nf8 13. Qd2 f5 14. Rfe1 Ng6 15.
Bxd6 Qxd6 16. Qg5 Bd7 17. Rad1 Qe7 18. Qd2 Qd6 19. Qg5 Qe7 20. Qd2 Qf6 21. Bc2 Re7 22.
d5 Rae8 23. dxc6 Bxc6 24. Nd4 Rxe1+ 25. Rxe1 Rxe1+ 26. Qxe1 Nf4 27. Bxf5 Nxg2 28. Qd2 g6 29. Nxc6 bxc6 30. Kxg2 Qxf5 31. Qd8+ Kg7 32. Qxh4 Qd5+ 33. Kg1 Qxa2 34. Qd4+ Kg8 35. b4 Qe6 36. Kg2 Qe7 37.
Qe3 Qxe3 38. fxe3 f6 39. Kf3 Kf7 40. Ke4 Ke6 41. Kd4 Kd6 42. Kc4 g5 43. Kd4 f5 44.
e4 f4 45. e5+ Ke6 46. Ke4 a6 47.
c4 Kd7 48. Kf3 Ke6 49. Kg4 Kxe5 50. h4 gxh4 51. Kxh4 Ke4 52. Kg4 f3 53. Kg3 Ke3 54.
b5 axb5 55. cxb5 cxb5 0-1

[Event "Early-Titled-Tuesday-Blitz-May-14-2024"]
[Site "Chess.com"]
[Date "2024.05.14"]
[Round "3"]
[White "Polish_fighter3000"]
[Black "SchmakAttack"]
[Result "1-0"]
[WhiteElo "3102"]
[BlackElo "2789"]
[TimeControl "180+1"]
[EndTime "8:30:40 PDT"]
[Termination "Polish_fighter3000 won by resignation"]

1. b3 g6 2. Bb2 Nf6 3. e4 Bg7 4. e5 Nd5 5. c4 Nb6 6. d4 O-O 7. Be2 d6 8. Nf3 Nc6 9. exd6 exd6 10. O-O Bg4 11. h3 Bxf3 12. Bxf3 Qf6 13. Bxc6 bxc6 14. Nd2 Rfe8 15. Qc2 Re2 16. Rae1 Rae8 17. Ne4 Rxc2 18.
Nxf6+ Bxf6 19. Rxe8+ Kg7 20. Rb1 c5 21. dxc5 Bxb2 22.
cxb6 axb6 23. Kf1 Bd4 24. Re2 Rc3 25. Rd2 c5 26. Rbd1 h5 27. h4 Kf6 28. Ke2 Ke6 29. Rd3 Rc2+ 30. R3d2 Rc3 31. Rd3 Rc2+ 32. R1d2 Rc1 33. Rxd4 cxd4 34. Rxd4 Ra1 35. Rd2 Rb1 36. Ke3 Rg1 37. g3 Ra1 38. Kd4 Rb1 39. Kc3 Kd7 40. Kb4 Kc6 41. Re2 Ra1 42. Ka3 Rf1 43. Kb4 Rd1 44. Kc3 Rf1 45. Kd4 Rd1+ 46. Ke4 f6 47. Kf3 Rd3+ 48. Re3 Rd2 49. Re2 Rd1 50. Re6 f5 51. Rxg6 Ra1 52. Rg5 Rxa2 53. Rxf5 Rb2 54. Rb5 Rd2 55. Rxh5 Rd3+ 56. Ke4 Rxb3 57. Rf5 Rb4 58.
Kd3 Rb3+ 59. Kd4 Rb1 60. h5 Rd1+ 61. Kc3 Rh1 62. g4 Rh3+ 63. f3 Rh1 64. Kd4 Rd1+ 65.
Ke3 Rh1 66. Rg5 Rc1 67. h6 Rxc4 68. h7 1-0

[Event "Early-Titled-Tuesday-Blitz-May-14-2024"]
[Site "Chess.com"]
[Date "2024.05.14"]
[Round "3"]
[White "JaloliddinIlkhomi"]
[Black "lagunanivaria"]
[Result "1-0"]
[WhiteElo "2745"]
[BlackElo "2514"]
[TimeControl "180+1"]
[EndTime "8:30:41 PDT"]
[Termination "JaloliddinIlkhomi won by checkmate"]

1. Nf3 c6 2. d4 d5 3. Bf4 Nf6 4. e3 g6 5. Nbd2 Bg7 6. Bd3 h6 7. h3 c5 8. c3 Nc6 9. O-O O-O 10. Qe2 Re8 11. Ne5 Nxe5 12. Bxe5 Nd7 13. Bxg7 Kxg7 14. f4 f5 15. Nf3 b6 16. Bb5 a6 17. Bc6 Ra7 18.
Bxd5 Qc7 19. Ne5 e6 20. Bc6 Re7 21. Bxd7 Bxd7 22. Nxd7 Qxd7 23. Rad1 Qb5 24. Qc2 c4 25. e4 Qc6 26. Rfe1 b5 27. Qf2 fxe4 28. Qe3 Rab7 29. a3 a5 30. Qxe4 Qxe4 31. Rxe4 b4 32. axb4 axb4 33. Rde1 bxc3 34. bxc3 Rb3 35. R1e3 Rf7 36. Kh2 Rb2 37. h4 Rf6 38. Kg3 g5 39. fxg5 hxg5 40. Rg4 Rff2 41. Rxg5+ Kf6 42. Kh3 Rf1 43. Rge5 Rb6 44.
Kg3 Rc1 45. Rf3+ Kg6 46. h5+ Kh6 47. Rf6+ Kg7 48. Rf3 Kh6 49. Kh4 Rh1+ 50. Kg4 Kg7 51. Kg5 Rb2 52. g4 Rb7 53. Rxe6 Rb5+ 54. Re5 Rb7 55.
Rf6 Rc1 56. h6+ Kh7 57. Ref5 Rxc3 58. Rf7+ Rxf7 59. Rxf7+ Kg8 60. Rc7 Kh8 61. Kg6 Rf3 62. Rc8+ Rf8 63. Rxf8# 1-0

[Event "Early-Titled-Tuesday-Blitz-May-14-2024"]
[Site "Chess.com"]
[Date "2024.05.14"]
[Round "3"]
[White "GelmanAlexander"]
[Black "ccccvhhhj"]
[Result "1-0"]
[WhiteElo "2654"]
[BlackElo "2447"]
[TimeControl "180+1"]
[EndTime "8:30:41 PDT"]
[Termination "GelmanAlexander won on time"]

1. c4 e5 2. e3 Nf6 3. a3 c6 4.
b3 d5 5. Bb2 Bd6 6. Nf3 Qe7 7. d4 Bg4 8. Be2 e4 9. Nfd2 Bxe2 10.
Qxe2 O-O 11. Nc3 Nbd7 12. g4 Qe6 13. h3 Rfe8 14. O-O-O dxc4 15. bxc4 h6 16. Rdg1 b5 17. g5 hxg5 18. Rxg5 bxc4 19. Rhg1 Bf8 20. Nxc4 Rab8 21. h4 Nb6 22. Ne5 Nbd7 23. h5 Nxe5 24. dxe5 Nd5 25.
Nxe4 Rb3 26. Nf6+ Kh8 27. Qc2 Nxf6 28. exf6 Rxb2 29. Qxb2 Qxf6 30. Qxf6 gxf6 31. Rf5 Bxa3+ 32. Kc2 Be7 33. Ra1 Ra8 34. Ra6 c5 35. Kc3 Kg7 36.
Kc4 Kf8 37. h6 Kg8 38. Rh5 Kh7 39. e4 Kg6 40. Rh1 Kh7 41. f4 Bd8 42. Kxc5 Bb6+ 43.
Kc6 Rc8+ 44. Kd7 Rc4 45. Ke7 Rxe4+ 46. Kxf7 Rxf4 47. Ra2 Rc4 48. Rg2 Rc7+ 49. Kxf6 Bd4+ 50. Ke6 Rb7 51. Rd2 Rb6+ 52. Kf7 Be3 53. Rd7 Rb8 54.
Ke6+ Kh8 55. Kf5 Rf8+ 56. Kg6 Bc5 57. h7 Re8 58. Rf1 Re6+ 59. Rf6 Re8 60. Rff7 Be3 61. Rde7 Rd8 62. Rxe3 Rd6+ 63. Rf6 Rd8 64. Ref3 1-0

[Event "Early-Titled-Tuesday-Blitz-May-14-2024"]
[Site "Chess.com"]
[Date "2024.05.14"]
[Round "3"]
[White "GMSrinath"]
[Black "ahkashefi2800"]
[Result "0-1"]
[WhiteElo "2832"]
[BlackElo "2606"]
[TimeControl "180+1"]
[EndTime "8:30:43 PDT"]
[Termination "ahkashefi2800 won by checkmate"]

1. e4 c6 2. d4 d5 3. exd5 cxd5 4. Bd3 Nf6 5. c3 Nc6 6. Bf4 Bg4 7. Qb3 Qd7 8. Nd2 e6 9. Ngf3 Bd6 10. Bxd6 Qxd6 11. O-O O-O 12. Rae1 Bxf3 13. Nxf3 Rab8 14. Ne5 Nd7 15.
f4 f5 16. Re3 Nf6 17. Qd1 Ne4 18. Bxe4 fxe4 19. Qh5 Rf5 20. Qg4 Rbf8 21. Ree1 a6 22. g3 Qc7 23. Qe2 Qb6 24. Ng4 Qd8 25. Ne3 R5f7 26.
Kh1 Ne7 27. Ng4 Ng6 28. h4 Rf5 29. Ne3 R5f7 30. h5 Ne7 31. h6 Nf5 32. Nxf5 exf5 33. hxg7 Rxg7 34. Rg1 Rf6 35. Rg2 Rfg6 36. Reg1 h5 37.
Rh2 h4 38. Qh5 Qd7 39. Rxh4 Qe6 40. g4 e3 41. g5 Qe4+ 42. Kh2 b5 43. Rg2 Kf7 44. Kh3 Ke7 45. Qe2 Kd6 46. a4 Kc6 47. axb5+ axb5 48. Qe1 Kb6 49. Qe2 Re6 50. Kh2 Ra7 51. g6 Rg7 52. Rh3 Qxf4+ 53. Kh1 Rexg6 54. Rxg6+ Rxg6 55. Qxe3 Qf1+ 56. Kh2 Qg2# 0-1

[Event "Early-Titled-Tuesday-Blitz-May-14-2024"]
[Site "Chess.com"]
[Date "2024.05.14"]
[Round "3"]
[White "nabukatnezarr"]
[Black "ploxoi"]
[Result "1-0"]
[WhiteElo "2606"]
[BlackElo "2329"]
[TimeControl "180+1"]
[EndTime "8:30:43 PDT"]
[Termination "nabukatnezarr won by resignation"]

1. b3 d5 2. Bb2 a5 3. e3 c6 4. Nf3 a4 5. Be2 Nf6 6. O-O Bf5 7. d3 e6 8. Nbd2 h6 9. a3 Nbd7 10. b4 c5 11. b5 Be7 12. c4 O-O 13. Qc2 Bg6 14.
Rfd1 Nb6 15. Ne5 Bh7 16. Rac1 Nfd7 17. Nxd7 Qxd7 18. e4 Bg5 19. cxd5 Rac8 20. dxe6 fxe6 21. Rb1 Qf7 22. Nf3 Bf6 23. Bxf6 gxf6 24. Qd2 Kg7 25.
Qf4 e5 26. Qg3+ Kh8 27. Qh3 Qg7 28. Nh4 Qg5 29. Bg4 Rcd8 30. Bf5 Rg8 31. Bxh7 Kxh7 32. Qf5+ Qxf5 33. Nxf5 Rd7 34. Kf1 Rc8 35. Ne3 Kg6 36.
Ke2 Kf7 37. Rbc1 Ke6 38. Rc3 h5 39. Rdc1 Rdc7 40. Nc4 Nxc4 41. Rxc4 b6 42. Rxa4 Kd6 43. Ra6 Rb8 44. a4 Kd7 45. Rc4 Ke7 46. h4 Rcb7 47.
g3 Rg8 48. Ke3 Rc8 49. Rc1 Kf7 50. Kd2 Ke7 51. Kc3 Rd8 52. Kd2 Rc8 53. Rc4 Kf7 54. Ke3 Ke7 55. a5 bxa5 56. Rxa5 Rb6 57. Ra7+ Ke6 58.
Ra6 Rxa6 59. bxa6 Kd6 60. a7 Ra8 61. Ra4 Kc6 62. Ra6+ Kb5 63. Rxf6 Rxa7 64. Re6 Ra3 65. Rxe5 Kb4 66. Re8 c4 67. Rb8+ Kc3 68. Rc8 1-0

[Event "Early-Titled-Tuesday-Blitz-May-14-2024"]
[Site "Chess.com"]
[Date "2024.05.14"]
[Round "3"]
[White "SilverSwords13"]
[Black "littlepinkyboy"]
[Result "0-1"]
[WhiteElo "2476"]
[BlackElo "2675"]
[TimeControl "180+1"]
[EndTime "8:30:44 PDT"]
[Termination "littlepinkyboy won by resignation"]

1. e4 c5 2. Nf3 e6 3. d4 cxd4 4. Nxd4 Nc6 5. Nc3 Qc7 6. Be3 Nf6 7. f3 a6 8. Qd2 b5 9. O-O-O Bb7 10. g4 Ne5 11. g5 b4 12. Nce2 Nh5 13. Ng3 Nxg3 14. hxg3 Bc5 15. Kb1 Rc8 16. Be2 d5 17.
f4 Nc4 18. Bxc4 dxc4 19. g6 Bxe4 20. Rxh7 Rxh7 21. gxh7 Bxh7 22. Rh1 Be4 23. Rh8+ Ke7 24. Rh5 c3 25. bxc3 bxc3 26. Qxc3 Bxd4 27. Qb4+ Qd6 28. Qxd6+ Kxd6 29. Bxd4 Rxc2 30. Re5 Re2+ 31. Kc1 f6 32. Ra5 Bd3 33. Bc5+ Kc6 34. Bf8 Rc2+ 35. Kd1 g6 36. Bg7 f5 37. Be5 Rg2 38. Ra3 Bc4 39. Rc3 Kd5 40. a3 a5 41. Kc1 a4 42. Kd1 Bb3+ 43.
Ke1 Bc4 44. Kd1 Rg1+ 45. Kd2 Rb1 46. Bf6 Rb2+ 47. Kc1 Rf2 48. Kd1 Bb3+ 49. Ke1 Ra2 50. Be7 Ke4 51. Kf1 Bd5 52. Ke1 Rb2 53. Bc5 Rb3 54.
Rxb3 axb3 55. Ke2 b2 56. Bd4 b1=Q 57. Bb2 Qd3+ 0-1

[Event "Early-Titled-Tuesday-Blitz-May-14-2024"]
[Site "Chess.com"]
[Date "2024.05.14"]
[Round "3"]
[White "RamyresCoelho"]
[Black "Vasily_IM"]
[Result "0-1"]
[WhiteElo "2305"]
[BlackElo "2597"]
[TimeControl "180+1"]
[EndTime "8:30:44 PDT"]
[Termination "Vasily_IM won by resignation"]

1. e4 e5 2. Nf3 Nf6 3. Nc3 d6 4.
Bc4 Be7 5. d4 Nbd7 6. dxe5 Nxe5 7.
Nxe5 dxe5 8. Qxd8+ Bxd8 9. O-O c6 10. f4 Ng4 11. g3 exf4 12. Rxf4 Ne5 13. Bb3 O-O 14. h4 Bc7 15. Rf1 Re8 16. Bf4 Be6 17.
Bxe6 Rxe6 18. Bxe5 Bxe5 19. Ne2 Bxb2 20. Rab1 Bf6 21. Rxb7 Rxe4 22. Nf4 Re7 23. Rfb1 Rae8 24. Rxe7 Bxe7 25. Rb7 Bc5+ 26. Kg2 Bb6 27. a4 g6 28. a5 Bxa5 29. Rxa7 Bd2 30. Nh3 Re2+ 31. Kf3 Re3+ 32.
Kf2 Rc3 33. Ra2 Be3+ 34. Ke2 Kg7 35. Ra4 Bc5 36. Nf4 Rxc2+ 37. Kd3 Rb2 38. Rc4 Bd6 39. Rxc6 Bxf4 40. gxf4 Rb3+ 41. Ke4 Rh3 42. Ke5 Rxh4 43. Rc7 Rh5+ 44. Ke4 Rf5 45. Rd7 h5 46. Rd1 Ra5 47.
Rh1 Ra4+ 48. Ke5 Ra5+ 49. Ke4 Kf6 50. Rf1 Ra4+ 51. Ke3 Kf5 52. Rf2 Re4+ 53. Kd3 Rxf4 54. Rh2 h4 55. Ra2 g5 56. Ra5+ Kg4 57. Ke3 h3 58. Ra8 Kg3 59. Rh8 h2 60. Rh5 f6 61.
Rh6 Kg2 62. Ke2 h1=Q 63. Rh2+ Qxh2 64. Ke3 Qg3+ 65. Ke2 Qf3+ 66. Ke1 Re4+ 67. Kd2 Re2+ 0-1

[Event "Early-Titled-Tuesday-Blitz-May-14-2024"]
[Site "Chess.com"]
[Date "2024.05.14"]
[Round "3"]
[White "LoaySameer"]
[Black "chessdjw"]
[Result "1-0"]
[WhiteElo "2547"]
[BlackElo "2766"]
[TimeControl "180+1"]
[EndTime "8:30:45 PDT"]
[Termination "LoaySameer won by resignation"]

1. Nf3 g6 2. g3 Bg7 3. Bg2 c5 4. O-O Nc6 5. d3 e5 6. c4 Nge7 7. Nc3 d6 8. Ne1 Be6 9. Nd5 O-O 10. Nc2 Qd7 11. Rb1 Rab8 12. b4 b6 13. b5 Nd4 14.
Nxd4 exd4 15. Nf4 Bf5 16. a4 h5 17. a5 Be5 18. e4 dxe3 19. Bxe3 Rbd8 20. axb6 axb6 21. d4 cxd4 22. Bxd4 Bxb1 23. Bxb6 Rb8 24. Qxb1 Rxb6 25. Nd5 Nxd5 26. Bxd5 Kg7 27. f4 Bd4+ 28. Kg2 Re8 29. f5 Re2+ 30. Kh1 gxf5 31. Qd3 Re5 32. Qxd4 Rb8 33. Rf2 Qe7 34. Kg2 Qf6 35. Qd1 Rbe8 36. Qxh5 Re1 37. b6 Rb1 38. b7 Ree1 39. Kh3 Rg1 40.
Qxf5 Qxf5+ 41. Rxf5 f6 42. Rf4 Rb2 43. Rg4+ Kh6 44. Rg8 Rh1 45. Kg4 Rhb1 46. Kf5 Rxb7 47. Bxb7 Rxb7 48. Kxf6 Kh7 49. Rg4 Rb2 50. h4 Rd2 51. Ke6 Kh6 52. Rg5 Rd3 53. Rd5 Rxg3 54. Kxd6 Rg4 55. c5 Kg7 56. h5 Kf7 57. Re5 Rd4+ 58. Kc7 Rg4 59. c6 Kf6 60. Re1 Rg7+ 61.
Kb6 Rg2 62. c7 Rb2+ 63. Ka7 Rc2 64. Kb7 Rb2+ 65. Kc8 Kg7 66. Rd1 Kh6 67. Kd8 Rc2 68.
c8=Q Rxc8+ 69. Kxc8 Kxh5 70. Kd7 Kg4 71. Rf1 1-0

[Event "Early-Titled-Tuesday-Blitz-May-14-2024"]
[Site "Chess.com"]
[Date "2024.05.14"]
[Round "3"]
[White "Carolinamazariegos88"]
[Black "AsaHoffmann"]
[Result "1-0"]
[WhiteElo "1697"]
[BlackElo "2325"]
[TimeControl "180+1"]
[EndTime "8:30:46 PDT"]
[Termination "Carolinamazariegos88 won by checkmate"]

1. c4 Nf6 2. Nc3 d6 3. g3 c6 4. Bg2 e5 5. e3 Be6 6. Nge2 Bxc4 7. O-O Be7 8. Re1 O-O 9. b3 Be6 10. d4 Qc8 11. e4 Bh3 12. Bb2 Bxg2 13. Kxg2 Re8 14.
d5 Bd8 15. Rc1 Ba5 16. a3 cxd5 17. b4 Bb6 18. Nxd5 Qd8 19. Qd2 Nxe4 20. Qd3 Nxf2 21. Qf3 e4 22. Qh5 Nd3 23. Rf1 Rf8 24. Bxg7 Kxg7 25.
Qg4+ Kh8 26. Nf6 Rg8 27. Qxe4 Rg6 28. Qxd3 Nc6 29. Nd5 Qd7 30. Nxb6 axb6 31. Nf4 Rg7 32. Nd5 Ne5 33. Qf5 Qxf5 34. Rxf5 b5 35. Rc7 Kg8 36. Rxb7 Nc4 37. Rxb5 Nxa3 38. Rb7 Nc4 39. Kf3 Ne5+ 40. Ke4 Re8 41. Kd4 Nc6+ 42. Kc4 Ne5+ 43. Kb5 h6 44. Nf6+ Kf8 45. Nxe8 Kxe8 46. Ka6 Rg4 47. b5 Nd7 48. Rxd7 Kxd7 49. Rxf7+ Ke6 50. Rh7 d5 51. b6 Ra4+ 52. Kb5 Ra1 53. b7 Rb1+ 54.
Kc5 d4 55. Kxd4 Kf5 56. Kd5 h5 57. Kc6 Kg4 58. Rh8 Rc1+ 59. Kd6 Rd1+ 60. Ke5 Re1+ 61. Kd4 Rd1+ 62. Ke3 Rb1 63. b8=Q Rxb8 64. Rxb8 Kh3 65. Kf2 Kxh2 66. Rh8 Kh3 67. Rxh5+ Kg4 68. Rh4+ Kg5 69. Kf3 Kf5 70. Rh5+ Kg6 71. Kg4 Kf6 72. Ra5 Ke6 73. Kf4 Kd6 74. g4 Kc6 75. g5 Kb6 76. g6 Kxa5 77.
g7 Kb5 78. g8=Q Kc5 79. Ke4 Kd6 80. Qd5+ Ke7 81. Ke5 Ke8 82. Qb7 Kf8 83. Kf6 Ke8 84. Qe7# 1-0

[Event "Early-Titled-Tuesday-Blitz-May-14-2024"]
[Site "Chess.com"]
[Date "2024.05.14"]
[Round "3"]
[White "js20000"]
[Black "ChristopherYoo"]
[Result "1-0"]
[WhiteElo "2758"]
[BlackElo "2990"]
[TimeControl "180+1"]
[EndTime "8:30:48 PDT"]
[Termination "js20000 won on time"]

1. b3 b6 2. g3 Bb7 3. Nf3 Nf6 4.
Bg2 g6 5. c4 c5 6. O-O Bg7 7.
Bb2 O-O 8. d4 cxd4 9. Qxd4 d6 10.
Rd1 Nbd7 11. Nc3 Rc8 12. Rac1 Ne4 13. Qe3 Nxc3 14. Bxc3 Bxc3 15. Rxc3 Nf6 16. Rcd3 Rc5 17. Nd4 Bxg2 18. Kxg2 Qd7 19. h3 Rfc8 20. Nf3 Qb7 21. a4 a6 22. Kg1 b5 23. cxb5 axb5 24. axb5 Rxb5 25. Nd4 Rbc5 26. b4 Re5 27. Qf3 Qxb4 28. Nc6 Rxc6 29. Qxc6 Rxe2 30. Qf3 Re5 31. Re3 Qc5 32.
Rde1 Rxe3 33. Qxe3 Qxe3 34. Rxe3 Kf8 35. Kg2 d5 36. g4 e6 37. Ra3 Ke7 38. Ra7+ Nd7 39. Kf3 e5 40. g5 Ke6 41. Ra6+ Ke7 42. Ra7 e4+ 43. Kf4 Kd6 44. Ra6+ Kc5 45. Ra7 Kc6 46.
Ra6+ Kc5 47. Ra7 Kd6 48. Ra6+ Ke7 49. Ra7 Ke6 50. Ra6+ Ke7 51. Ke3 Nc5 52. Ra7+ Ke6 53. Kd4 Nb3+ 54. Kc3 Nc1 55. Ra6+ Ke5 56. Rf6 d4+ 57.
Kc2 Ne2 58. Rxf7 d3+ 59. Kd2 Nd4 60. Re7+ Kf4 61. Rxh7 Nf3+ 62. Kc3 Nxg5 63. Re7 Nxh3 64. Rf7+ Ke5 65. Kd2 Ng5 66. Rf8 Nf3+ 67. Ke3 d2 68. Re8+ Kf5 69. Rd8 g5 70. Rd5+ 1-0

[Event "Early-Titled-Tuesday-Blitz-May-14-2024"]
[Site "Chess.com"]
[Date "2024.05.14"]
[Round "3"]
[White "savitha1030"]
[Black "vovachesss"]
[Result "1-0"]
[WhiteElo "2520"]
[BlackElo "2832"]
[TimeControl "180+1"]
[EndTime "8:30:48 PDT"]
[Termination "savitha1030 won by resignation"]

1. Nf3 d5 2. g3 Nd7 3. d4 Nb6 4. Bg2 Bf5 5. O-O e6 6. Nc3 h6 7. Bf4 Nf6 8. Nb5 Bd6 9. Nxd6+ cxd6 10. c3 O-O 11. Nd2 Re8 12. Nf3 Nc4 13. b3 Na3 14.
Rc1 Rc8 15. h3 Ne4 16. Bd2 Qa5 17. c4 Qa6 18. cxd5 exd5 19. Bb4 Nf6 20. Nh4 Bh7 21. Bf3 Nc2 22. a3 Nxb4 23. axb4 Qb6 24. Qd2 a6 25. Ng2 Be4 26. Ne3 Qb5 27. Bxe4 dxe4 28. Rc4 Rc6 29. Rfc1 Rec8 30. d5 Rxc4 31. bxc4 Qb6 32. Kg2 Qc7 33. c5 a5 34. c6 axb4 35. Qxb4 bxc6 36. Rxc6 Qd8 37.
Rxd6 Qe7 38. Qb6 Re8 39. Rc6 Qe5 40. Qc5 h5 41. d6 Qxc5 42. Rxc5 Rd8 43. Nf5 g6 44.
Ne7+ Kg7 45. Rc6 Ne8 46. Rc4 Nxd6 47. Rd4 Nb7 48. Rxe4 Re8 49. Re3 Kf8 50. Nd5 Rxe3 51. Nxe3 Kg7 52. g4 hxg4 53. hxg4 Nd6 54. Kg3 Ne4+ 55.
Kf3 Nd2+ 56. Kg2 Ne4 57. f3 Nd6 58. Kg3 g5 59. Nf5+ Nxf5+ 60. gxf5 f6 61. e4 Kf7 62. Kg4 Kg7 63. Kh5 Kh7 64. e5 fxe5 65. Kxg5 Kg7 66.
f6+ Kf7 67. Kf5 Kf8 68. Kxe5 Kf7 69. Kf5 Kf8 70. Kg6 Kg8 71. f7+ Kf8 72. f4 Ke7 73. Kg7 1-0

[Event "Early-Titled-Tuesday-Blitz-May-14-2024"]
[Site "Chess.com"]
[Date "2024.05.14"]
[Round "3"]
[White "Shiner22"]
[Black "Savagelittlemole"]
[Result "0-1"]
[WhiteElo "2286"]
[BlackElo "2475"]
[TimeControl "180+1"]
[EndTime "8:30:48 PDT"]
[Termination "Savagelittlemole won on time"]

1. e4 c6 2. d4 g6 3. Nc3 Bg7 4. a4 Nf6 5. e5 Nd5 6. Ne4 O-O 7. c4 Nc7 8. Nf3 d6 9. exd6 exd6 10. Be2 d5 11.
Nc3 dxc4 12. O-O Bg4 13. Bxc4 Bxf3 14. Qxf3 Qxd4 15. Bb3 Nd7 16. Rd1 Ne5 17. Qe2 Qg4 18.
f3 Qh4 19. Ne4 Ne6 20. Bxe6 fxe6 21. Bg5 Qh5 22. Rf1 h6 23. Be7 Rf7 24. Ng3 Rxe7 25. Nxh5 gxh5 26. f4 Ng4 27. Rad1 Rf8 28. h3 Nf6 29. f5 e5 30. Rd6 e4 31. Re6 Rxe6 32. fxe6 Re8 33. Qc4 Kh8 34. Rxf6 Bxf6 35. Qxe4 Kg7 36.
Kf2 Re7 37. b4 h4 38. Qg4+ Bg5 39. Qf5 b6 40. Kf3 a6 41. Kg4 a5 42. bxa5 bxa5 43. Kh5 Kg8 44. Qg6+ Kf8 45. Qf5+ Ke8 46. Qe5 Rh7 47.
Qb8+ Bd8 48. Qd6 Rc7 49. Kxh6 c5 50. Qd5 c4 51. Kg6 c3 52. Qb5+ Ke7 53. Kf5 Kd6 54. Qe5+ Kc6 55. Qxc3+ Kb6 56. Qd4+ Rc5+ 57. Kg6 Be7 58.
Qb2+ Kc6 59. Kf7 Bd6 60. Qf6 Kd5 0-1

[Event "Early-Titled-Tuesday-Blitz-May-14-2024"]
[Site "Chess.com"]
[Date "2024.05.14"]
[Round "3"]
[White "ravengelic"]
[Black "twitchTriniCupid"]
[Result "1-0"]
[WhiteElo "2682"]
[BlackElo "2422"]
[TimeControl "180+1"]
[EndTime "8:30:51 PDT"]
[Termination "ravengelic won on time"]

1. d4 g6 2. Bf4 Bg7 3. e3 Nf6 4. Nf3 O-O 5. Bc4 d5 6. Bb3 a5 7. a3 a4 8. Ba2 Bg4 9. O-O c5 10. c3 Nc6 11. Nbd2 c4 12. Bb1 Bf5 13. Bxf5 gxf5 14. Ne5 e6 15. Qf3 Ne4 16. Nxe4 fxe4 17. Qg3 Nxe5 18. Bxe5 f6 19. Bd6 Rf7 20. Bb4 Kh8 21.
Qh3 f5 22. f3 Qg5 23. fxe4 dxe4 24. Rf4 e5 25. Rh4 Qg6 26. Rf1 Rg8 27. g3 exd4 28.
cxd4 Rd8 29. Bc3 Rd5 30. Rff4 Kg8 31. Rh5 b5 32. Rxe4 fxe4 33. Rxd5 Qf6 34. Qg2 Qf3 35. Rd8+ Bf8 36. Qxf3 Rxf3 37. Bb4 Kg7 38. Bd2 Kf7 39.
Rb8 Bh6 40. Rb7+ Kg6 41. Rb6+ Kg7 42. Rxb5 Bxe3+ 43. Bxe3 Rxe3 44. Rb4 Re2 45. Rxc4 Rxb2 46. Rxa4 Kf6 47. Ra5 Rb3 48. Re5 Rxa3 49. Rxe4 Rd3 50. Kf2 Kf5 51. Rf4+ Kg5 52. h4+ Kg6 53. Rg4+ Kf5 54.
Rf4+ Kg6 55. Kg2 h5 56. Re4 Kf5 57. Re5+ Kf6 58. Rxh5 Rxd4 59. Kh3 Rd3 60. Ra5 Rd4 61. h5 Rc4 62. g4 Rc1 63. Rf5+ Kg7 64. Kh4 Rg1 65.
Kg5 Rc1 66. h6+ Kh7 67. Rf7+ Kh8 68. Kh5 Rh1+ 69. Kg6 Rxh6+ 70. Kxh6 1-0

[Event "Early-Titled-Tuesday-Blitz-May-14-2024"]
[Site "Chess.com"]
[Date "2024.05.14"]
[Round "3"]
[White "Galileo22"]
[Black "JoliyRoger"]
[Result "0-1"]
[WhiteElo "2654"]
[BlackElo "2428"]
[TimeControl "180+1"]
[EndTime "8:30:53 PDT"]
[Termination "JoliyRoger won on time"]

1. d4 Nf6 2. c4 e6 3. Nc3 Bb4 4. Qc2 d5 5. Bg5 h6 6. Bxf6 Qxf6 7. e3 O-O 8. cxd5 exd5 9. a3 Bxc3+ 10. Qxc3 c6 11. Nf3 Bf5 12. Be2 Nd7 13. O-O Bg4 14.
Rfc1 Bxf3 15. Bxf3 Rfe8 16. Qb3 Rab8 17. Qa4 a6 18. Rc3 Qe7 19. Rac1 Nf6 20. Qd1 Qd6 21. Qc2 Re7 22. b4 Rbe8 23. Rb1 Ne4 24. Bxe4 Rxe4 25. a4 Qf6 26. g3 h5 27. b5 axb5 28. axb5 cxb5 29.
Rc8 h4 30. Rxe8+ Rxe8 31. Rxb5 h3 32. Qd1 g6 33. Qf1 Qf5 34. Rxb7 Ra8 35. Rb1 Qe4 36.
Re1 Qe6 37. f3 Ra3 38. Kf2 g5 39. Re2 g4 40. fxg4 Qxg4 41. Kg1 Kg7 42. Kf2 Rb3 43. Kg1 Rb6 44. Kf2 Rf6+ 45. Ke1 Rxf1+ 46. Kxf1 Qe4 47. Ke1 Qh1+ 48. Kd2 Qe4 49. Ke1 f5 50. Kf2 Kg6 51.
Ke1 Kg5 52. Kd2 Qb1 53. Rf2 Qb2+ 54. Ke1 Qc1+ 55. Ke2 Qc2+ 56. Ke1 Qd3 57. Re2 Kg4 58. Kf2 Qe4 59. Ke1 Qh1+ 60. Kd2 Qg2 61. Ke1 Kf3 0-1

[Event "Early-Titled-Tuesday-Blitz-May-14-2024"]
[Site "Chess.com"]
[Date "2024.05.14"]
[Round "3"]
[White "YouJustFoundYourGodfather"]
[Black "Seochesspie"]
[Result "1-0"]
[WhiteElo "2562"]
[BlackElo "2838"]
[TimeControl "180+1"]
[EndTime "8:30:54 PDT"]
[Termination "YouJustFoundYourGodfather won by resignation"]

1. b3 d5 2. Bb2 Bg4 3. f3 Bf5 4. e4 dxe4 5. Nc3 Nf6 6. Qe2 exf3 7. Nxf3 c6 8. O-O-O e6 9. h3 Be7 10. g4 Bg6 11. Bg2 Nbd7 12. Nh4 a5 13. a4 Nc5 14. Nxg6 hxg6 15. h4 Qc7 16. h5 gxh5 17. gxh5 O-O-O 18.
Bf3 Rhg8 19. Rdg1 Bd6 20. Rg5 Nh7 21. Rg2 Be5 22. Kb1 Nd7 23. Rhg1 Kb8 24. Be4 Nhf6 25. Bf3 Nd5 26. d4 Nxc3+ 27. Bxc3 Bf6 28. Qe1 Nb6 29.
Bxa5 Bxd4 30. Rf1 Rge8 31. Qb4 Ka7 32. Rd1 Qe5 33. Re2 Qc5 34. Qe1 Bf6 35. Rxd8 Rxd8 36. Re4 Qa3 37. Bc3 Nd5 38. Qf2+ Ka8 39. Bxf6 gxf6 40.
Qd2 Rd7 41. Rd4 e5 42. Rd3 Qc5 43. Be4 Qg1+ 44. Kb2 Qg5 45. c4 Qxd2+ 46. Rxd2 Nb6 47. Rf2 Rd4 48. Bc2 Rh4 49. Rxf6 Rxh5 50. Rxf7 Ka7 51. Re7 Nc8 52. Re6 Kb6 53. b4 Rg5 54. Kc3 Kc7 55. Rh6 Nd6 56. c5 Rg3+ 57. Bd3 Ne4+ 58. Kc2 Nf2 59.
Rh7+ Kb8 60. Be2 Re3 61. Rh8+ Ka7 62. Kd2 Rb3 63. Bc4 Rxb4 64. Kc3 Rb1 65. Re8 Ne4+ 66.
Kc2 Nxc5 67. Kxb1 1-0

[Event "Early-Titled-Tuesday-Blitz-May-14-2024"]
[Site "Chess.com"]
[Date "2024.05.14"]
[Round "3"]
[White "Kotofeyca"]
[Black "TreinadorBR"]
[Result "0-1"]
[WhiteElo "2497"]
[BlackElo "2338"]
[TimeControl "180+1"]
[EndTime "8:30:58 PDT"]
[Termination "TreinadorBR won by checkmate"]

1. d4 d5 2. c4 c6 3. Nc3 Nf6 4. cxd5 cxd5 5. Bf4 Nc6 6. e3 a6 7.
Bd3 Bg4 8. f3 Bh5 9. Nge2 e6 10.
O-O Bd6 11. Rc1 Rc8 12. Na4 O-O 13. Nc5 Bxc5 14. Rxc5 Qb6 15. Qc1 Nd7 16. Rc3 Bg6 17.
Bxg6 hxg6 18. a3 f6 19. Qc2 g5 20. Bg3 f5 21. Rc1 f4 22. Bf2 Rf6 23. exf4 gxf4 24.
b4 Kf7 25. Qh7 Rh6 26. Qd3 g5 27. h3 Rf8 28. Re1 Qb5 29. Qc2 Nb6 30. Nc1 Nc4 31. Nd3 Kg8 32. Nc5 Re8 33. Qe2 b6 34.
Nd7 Nxd4 35. Nf6+ Rxf6 36. Bxd4 Rh6 37. Rc2 Qc6 38. Qf2 b5 39. Rce2 Qd6 40. Bc5 Qc7 41.
Qd4 Kf7 42. Qd3 Rg6 43. Rc2 Qd7 44. Rce2 Rh8 45. Bd4 Re8 46. Ba1 Qd6 47. Qd4 e5 48. Qc3 d4 49. Qd3 Qd5 50. Re4 Kg7 51. R4e2 Ree6 52.
Rc2 Re7 53. a4 Rc6 54. axb5 axb5 55. Ra2 Rcc7 56. Bb2 Qe6 57. Rea1 Qg6 58. Qe2 d3 59. Qf2 Qb6 60. Ra6 Qxf2+ 61. Kxf2 Nxb2 62. Rd6 Nc4 63. Rd8 Rcd7 64. Rc8 d2 65. Rd1 Nb2 66. Ke2 Nxd1 67.
Kxd1 e4 68. Rc5 exf3 69. gxf3 Kg6 70. Kc2 Re1 71. Rc6+ Kh5 72. Rc8 Rc1+ 73. Kb2 Rxc8 74.
Ka3 d1=Q 75. h4 Rd3+ 76. Kb2 Qb3+ 77. Ka1 Rd1# 0-1